[Event "20th Delhi GM Open 2023"]
[Site "New Delhi"]
[Date "2023.03.28"]
[Round "8.1"]
[White "Krasenkow, Michal"]
[Black "Murzin, Volodar"]
[Result "1/2-1/2"]
[ECO "D47"]
[WhiteElo "2527"]
[BlackElo "2554"]
[Annotator "TA"]
[PlyCount "140"]
[EventDate "2023.03.23"]
[EventType "swiss"]
[EventCountry "IND"]
[SourceTitle "playchess.com"]
[Source "ChessBase"]
[SourceQuality "1"]
[TimeControl "5400+30"]

1. d4 d5 2. c4 c6 3. Nf3 Nf6 4. Nc3 e6 5. e3 Nbd7 6. Bd3 dxc4 7. Bxc4 b5 8. Bd3 b4 9. Ne4 Bb7 10. Nxf6+ $1 {[%emt 0:00:55] 10.Nxf6+ is better than 10.0-0.} Nxf6 11. e4 {[%emt 0:00:05][%cal Be3e4,Be4e5][%mdl 32] D47: Semi-Slav: Meran System.} Be7 12. e5 Nd7 13. Be4 {[%emt 0:03:19] [#] White is slightly better.} O-O $146 ({Predecessor:} 13... Qc7 14. O-O h6 15. Be3 O-O 16. Rc1 Rfd8 17. Nd2 f5 18. Qb3 Nf8 19. Bxf5 Qd7 {1-0 Jensen,J (2182)-Matthiesen,A (2287) Aarhus Summer cand 2002 (6)}) 14. h4 f5 15. exf6 Nxf6 16. Qb3 Nxe4 $15 17. Qxe6+ Rf7 18. Qxe4 Bd6 {[%emt 0:00:11] Threatens to win with ...Re7.} (18... Qd5 19. Qxd5 cxd5 20. Ne5 $14) (18... Bf6 $5 19. Qe2 Qa5 $17) 19. Qd3 ({But not} 19. Ng5 $2 Re7 20. Ne6 Qe8 $19) 19... Qa5 {[%emt 0:10:52] aiming for ...Ba6.} (19... h6 {simplifies} 20. Be3 Qa5 21. Qb3 Qf5) 20. Ng5 (20. O-O {seems wilder.} Ba6 21. Qb3 Bxf1 22. Ng5) 20... Qf5 (20... Re8+ {keeps more tension.} 21. Kd1 Rf5 22. Re1 Rxe1+ 23. Kxe1 Qd5) 21. Qxf5 (21. Qb3 {with more complications.} Qxf2+ 22. Kd1 Qxd4+ 23. Bd2) 21... Rxf5 22. Be3 c5 23. dxc5 Bxc5 {[%emt 0:00:05] A strong pair of Bishops.} 24. O-O h6 25. Bxc5 hxg5 26. Bxb4 gxh4 27. Be7 h3 $1 {[%emt 0:07:18][%mdl 64] Deflection} 28. gxh3 Rf3 29. Kh2 Ba6 30. Rg1 Rxf2+ 31. Rg2 Rf7 32. Bc5 Re8 33. b4 Bb7 34. Rf2 Rxf2+ {[%emt 0:00:03][%mdl 64] Remove Defender} 35. Bxf2 $14 {[%emt 0:00:02][%mdl 4096] Endgame KRB-KRB} a6 36. h4 Bd5 37. a4 Bc6 38. Kg3 Re4 39. Bc5 Kh7 40. a5 g5 41. hxg5 Kg6 42. Rc1 Bb5 43. Kf3 Bc6 {[%emt 0:01:15] ...Rc4+ is the strong threat.} 44. Kf2 Bb5 45. Be3 Rxb4 46. Rd1 Kf5 47. Rd6 Rc4 48. Rf6+ Ke5 49. Kf3 Bc6+ 50. Kg3 {[%emt 0:00:08] And now Bf4+ would win.} Rc3 {[%emt 0:00:14] [#]} 51. Kf2 (51. Kh4 $1 $16) 51... Rc2+ 52. Ke1 Bb5 $1 {[%emt 0:00:08] White must now prevent ...Re2+.} 53. Bd2 Rc6 54. Rf8 Bd3 55. Kf2 Kd5 56. Kf3 Bg6 57. Kg4 Ke6 58. Bf4 Bd3 59. Rb8 Be2+ 60. Kg3 {[%emt 0:00:03] White is more active.} Kf5 61. Rb6 Bb5 {[%emt 0:00:11] Hoping for ...Rc3+.} 62. Bd2 {[%emt 0:00:18] Against Rc3+} Rxb6 63. axb6 $11 {[%emt 0:00:01] Intending b7 and mate. KB-KB} Bc6 64. Kh4 {[%emt 0:00:31] Strongly threatening Kh5.} Kg6 65. Kg4 Bh1 66. Kf4 Bg2 {[%emt 0:00:17] [#]} 67. Ke3 $1 {[%emt 0:03:01] White is better.} a5 68. Kd4 ({Much weaker is} 68. Bxa5 Kxg5 69. Kd4 Kf6 $11) 68... a4 69. Kc4 Kf5 70. Kb4 Bc6 {[%emt 0:00:03] Weighted Error Value: White=0.09 (flawless) /Black=0.08 (flawless)} 1/2-1/2

[Event "20th Delhi GM Open 2023"]
[Site "New Delhi"]
[Date "2023.03.28"]
[Round "8.2"]
[White "Dzhumaev, Marat"]
[Black "Aravindh, Chithambaram VR."]
[Result "0-1"]
[ECO "B08"]
[WhiteElo "2428"]
[BlackElo "2607"]
[Annotator "TA"]
[PlyCount "76"]
[EventDate "2023.03.23"]
[EventType "swiss"]
[EventCountry "IND"]
[SourceTitle "playchess.com"]
[Source "ChessBase"]
[SourceQuality "1"]
[TimeControl "5400+30"]

1. e4 g6 2. d4 Bg7 3. Nf3 d6 4. Nc3 a6 5. a4 Nf6 6. Be2 O-O 7. O-O Nc6 8. d5 {[%emt 0:11:29] B08: Pirc Defence: Classical System.} Nb4 9. a5 e6 $1 10. Bg5 {The position is equal.} h6 11. Bh4 g5 12. Bg3 exd5 13. exd5 {[%emt 0:00:22] [#]} Nh5 $146 ({Predecessor:} 13... Bd7 14. Bc4 Bb5 15. Nxb5 axb5 16. Bb3 Na6 17. Nd4 Nc5 18. Nf5 Qd7 19. Nxg7 Kxg7 {1-0 Eswaran,A (2234)-Foisor,S (2276) USA-ch (Women) 59th 2019 (3)}) 14. Ra4 Nxg3 15. fxg3 ({Reject} 15. hxg3 c5 $11) 15... c5 16. dxc6 Nxc6 17. Nd5 (17. h4 $5) 17... Nxa5 18. h4 b5 (18... Bxb2 $2 19. Nd4 f5 20. c3 $18) 19. Rxa5 {[%emt 0:10:45][%mdl 64] [#] Deflection} Qxa5 20. hxg5 Qd8 $1 (20... Bxb2 21. Ne7+ Kg7 22. gxh6+ (22. Qxd6 hxg5 23. Nd4 Bxd4+ 24. Qxd4+ f6 $11) 22... Kh8 23. Ng5 Qb6+ 24. Kh2 $18) 21. Qd2 hxg5 (21... Bxb2 $2 22. c3 f5 23. gxf6 Rxf6 24. Nxf6+ Qxf6 25. Qd5+ Qf7 26. Qxa8 $18) 22. Nd4 Bb7 {[%emt 0:15:21] Wards off Nc6} 23. Nf5 (23. Bf3 $1 $15) 23... Re8 (23... Bxb2 $2 24. Nde7+ $18) (23... Bxd5 $17 24. Qxd5 Rc8) 24. Nxg7 $11 {[%emt 0:09:00] Excellent horsemanship.} Re5 $36 {[%emt 0:03:40][%mdl 2048] White is under pressure.} 25. Nh5 {[%emt 0:00:29] aiming for Ndf6+.} Rxd5 26. Bd3 Re5 {[%emt 0:02:35] ...Qb6+ would be deadly.} 27. Qf2 {[%emt 0:00:23] Against Qb6} ({Better is} 27. Kh2 $15) 27... Qe7 $19 {[%emt 0:00:04][%cal Of7f5] ...f5! is the strong threat.} 28. Nf6+ {[%emt 0:00:28] [#]} Kg7 $1 29. Nh5+ Kf8 30. Qd4 $2 (30. Nf6) 30... Bc8 {[%emt 0:02:05] White must now prevent ...Qa7.} 31. Rf6 (31. Kh2 $142) 31... Qa7 32. Rxd6 Qxd4+ 33. Rxd4 Ke7 {[%emt 0:00:05] Dodges Nf6} 34. g4 Be6 35. Ng3 Rd8 36. Rb4 a5 {[%emt 0:00:42] Black is clearly winning.} 37. Re4 (37. Rxb5 $142 Rxb5 38. Bxb5) 37... Rxe4 38. Nxe4 b4 {[%emt 0:01:37] Weighted Error Value: White=0.51/Black=0.09 (flawless)} 0-1

[Event "20th Delhi GM Open 2023"]
[Site "New Delhi"]
[Date "2023.03.28"]
[Round "8.3"]
[White "Neelash Saha"]
[Black "Paichadze, Luka"]
[Result "1/2-1/2"]
[ECO "B12"]
[WhiteElo "2444"]
[BlackElo "2515"]
[Annotator "TA"]
[PlyCount "71"]
[EventDate "2023.03.23"]
[EventType "swiss"]
[EventCountry "IND"]
[SourceTitle "playchess.com"]
[Source "ChessBase"]
[SourceQuality "1"]
[TimeControl "5400+30"]

1. e4 c6 2. d4 d5 3. e5 Bf5 4. Nd2 e6 5. Nb3 Nd7 6. Nf3 h6 {[%emt 0:03:31] B12: Caro-Kann: Advance Variation.} 7. Be2 Ne7 8. O-O Qc7 {[%emt 0:07:10] White has an edge.} 9. c3 a6 10. Ne1 {[%emt 0:02:58] [#]} c5 $146 ({Predecessor:} 10... Bh7 11. f4 c5 12. Be3 Nf5 13. Bf2 g5 14. fxg5 hxg5 15. Nf3 Be7 16. g4 Nh4 {0-1 Sharma,D (2363)-Lalith,B (2570) IND-ch Challengers 53rd 2015 (9)}) 11. Be3 Bh7 12. Nxc5 Nxc5 13. dxc5 Qxe5 14. Qa4+ Nc6 15. Nf3 Qc7 16. b4 Qc8 (16... Be4 $14) 17. c4 {[%emt 0:07:00] White has more active pieces.} (17. Bd4 $16) 17... Be7 $14 18. cxd5 exd5 19. Rfd1 Be4 20. Nd2 {[%emt 0:00:06][%cal Bf3d2,Bd2b3,Bb3a5][%mdl 32] Nxe4 is the strong threat.} Bf5 21. Bf3 Be6 22. Nb3 Bf6 23. Rac1 O-O 24. Bxd5 Bxd5 25. Rxd5 Qg4 26. Na5 Qxb4 27. Qxb4 Nxb4 28. Rd2 Rab8 29. Bf4 ({Better is} 29. Rb1 $16) 29... Bg5 $1 $11 {[%emt 0:00:05] The position is equal.} 30. Bxg5 hxg5 31. Rb1 (31. a3 $5 Nc6 $8 32. Nxc6 bxc6 33. h3 $11) 31... Nc6 32. Nc4 Rfc8 33. Rd7 Nd8 34. Rbd1 {[%emt 0:02:08] [#] Threatens to win with Nb6.} Ne6 35. Nd6 Rxc5 36. Nxf7 {[%emt 0:00:06] Weighted Error Value: White=0.07 (flawless) /Black=0.07 (flawless)} (36. Rxf7 $2 {too greedy.} Rd8 37. Rxb7 Rxd6 $19) 1/2-1/2

[Event "20th Delhi GM Open 2023"]
[Site "New Delhi"]
[Date "2023.03.28"]
[Round "8.4"]
[White "Mchedlishvili, Mikheil"]
[Black "Madaminov, Mukhiddin"]
[Result "1-0"]
[ECO "A16"]
[WhiteElo "2569"]
[BlackElo "2436"]
[Annotator "TA"]
[PlyCount "85"]
[EventDate "2023.03.23"]
[EventType "swiss"]
[EventCountry "IND"]
[SourceTitle "playchess.com"]
[Source "ChessBase"]
[SourceQuality "1"]
[TimeControl "5400+30"]

1. Nf3 Nf6 2. c4 g6 3. Nc3 d5 4. cxd5 Nxd5 5. h4 Nxc3 6. bxc3 {[%emt 0:00:17] A16: English Opening: 1...Nf6 with ...d5.} Bg7 7. h5 c5 8. Qa4+ {[%emt 0:01:44] White is slightly better.} Qd7 9. Qc4 b6 10. Ng5 e6 11. Qh4 Qe7 12. hxg6 hxg6 13. Qxh8+ Bxh8 14. Rxh8+ Kd7 15. d4 {Black must now prevent Ne4.} Nc6 16. Rh7 Nd8 (16... cxd4 $2 17. Rxf7 $18 (17. Nxf7 Ke8 $16) (17. Nxf7 Ke8 $18)) 17. Ne4 {[%emt 0:05:22] [#] Strongly threatening Bg5.} cxd4 $146 {[%emt 0:15:37] [#]} (17... Bb7 $1 $11 18. Bg5 Qf8) ({Predecessor:} 17... Bb7 18. Bg5 Qf8 19. Nf6+ Kc8 20. e4 a5 21. Rh3 Ba6 22. Bxa6+ Rxa6 23. e5 cxd4 {1-0 Rallabandi,P (2501)-Rawlings,A (2321) ENG-ch3 final email 2021}) 18. Bg5 {[%emt 0:02:36] White has more active pieces. The black rooks are badly placed.} (18. a4 $1 $16 {aiming for Ba3.} e5 19. g3) 18... Qa3 $14 19. Rd1 Bb7 (19... Qxa2 $2 20. Rxd4+ Kc6 21. Rd6+ (21. Rxd8 Qb1+ 22. Rd1 Qxe4 $16) 21... Kb5 22. e3+ Ka5 23. Rxd8 $18) (19... e5 $11 {keeps the balance.}) 20. Rxd4+ $16 {[%emt 0:01:19] Black is weak on the dark squares} Bd5 {[%emt 0:00:58] [#]} 21. c4 $1 {[%emt 0:02:17][%mdl 64] Pin. Some like it hot} Nc6 $2 {[%emt 0:11:12][%mdl 8192] This move loses the game for Black.} (21... Qb4+ $16 22. Nd2 b5) 22. Rd2 (22. Rd1 $142) 22... Qc1+ $18 23. Rd1 {[%emt 0:00:25][%mdl 64] Discovered Attack} Qxd1+ (23... Qxc4 $2 24. Rxf7+ $18) 24. Kxd1 Bxe4 25. Rxf7+ Kd6 26. a3 Bb1 27. e3 Rh8 28. Be2 Rh1+ 29. Kd2 Rg1 $2 (29... Be4 30. f3 Bb1) 30. g4 {[%emt 0:07:59] Bh6 would be deadly.} Kc5 $2 (30... Ba2 31. Bf4+ e5) 31. Bh6 {[%emt 0:02:24] Bf8+ would kill now.} Ne5 32. Rc7+ ({Weaker is} 32. Rxa7 Nxc4+ 33. Bxc4 Kxc4 $16) 32... Kd6 33. Rxa7 {[%emt 0:00:17] And now Bf8+ would win.} Nxg4 $2 (33... Nd7 34. Bg5 Rg2) 34. Bf8+ Ke5 35. Rf7 {[%emt 0:05:54] Hoping for f3.} Rg2 36. f3 Ba2 37. Rf4 ({Inferior is} 37. fxg4 Bxc4 38. Bg7+ Kd6 $11) 37... Nh2 38. Ke1 g5 39. Bg7+ Kd6 40. Rd4+ Ke7 41. Be5 Kf7 $2 (41... Bb1 42. Bc7 Bf5) 42. Rd7+ Kg6 43. Bd3+ {[%emt 0:00:50] An entertaining game by Mchedlishvili.   Weighted Error Value: White=0.24 (precise) /Black=0.64} 1-0

[Event "20th Delhi GM Open 2023"]
[Site "New Delhi"]
[Date "2023.03.28"]
[Round "8.5"]
[White "Ratnakaran, K.."]
[Black "Pantsulaia, Levan"]
[Result "0-1"]
[ECO "B30"]
[WhiteElo "2275"]
[BlackElo "2597"]
[Annotator "TA"]
[PlyCount "106"]
[EventDate "2023.03.23"]
[EventType "swiss"]
[EventCountry "IND"]
[SourceTitle "playchess.com"]
[Source "ChessBase"]
[SourceQuality "1"]
[TimeControl "5400+30"]

1. e4 c5 2. Nf3 e6 3. d3 Nc6 4. g3 Nf6 5. Bg2 d6 6. O-O Be7 7. b3 {[%emt 0:01:06] B30: Sicilian: 2...Nc6 3 Bb5, lines without ...g6.} O-O 8. Bb2 Nd7 $5 {[%emt 0:09:53][%mdl 4] An interesting side line.} 9. Nbd2 {[%emt 0:00:12] White has an edge.} Bf6 10. Bxf6 Nxf6 {[%emt 0:00:59] [#]} 11. Nh4 $146 ({Predecessor:} 11. Ne1 d5 12. Kh1 b6 13. f4 dxe4 14. Nxe4 Nd5 15. Qd2 Bb7 16. Nf3 Qc7 17. Rae1 {0-1 Bach,J (1683)-Effertz,J (2037) Moehnesee Cup 36th 2010 (5)}) 11... e5 12. Nc4 Be6 13. Re1 b5 14. Ne3 Nd7 15. Nhf5 Nb6 16. c4 (16. Qg4 g6 17. a4 bxa4 18. bxa4 a5 $17) 16... Nd4 17. cxb5 Nxb5 18. a4 Nd4 19. a5 Nd7 20. Nxd6 Rb8 21. Ndc4 Rxb3 22. f4 (22. Nd5 $11) 22... exf4 $17 23. gxf4 Qh4 24. f5 (24. Rf1 $142) 24... Bxc4 25. Nxc4 Qf6 26. Rb1 (26. e5 $142 Qxf5 27. Re3) 26... Rfb8 $1 27. Rxb3 Rxb3 28. Qg4 Ne5 $1 (28... Rxd3 $6 29. e5 Qe7 30. Be4 Nxe5 31. f6 Ndf3+ 32. Kh1 Qxf6 33. Bxd3 $11) 29. Nxe5 Qxe5 30. f6 Ne6 {[%emt 0:00:03] Active counter play!} 31. fxg7 Rxd3 32. Rf1 {[%emt 0:00:58] [#]} (32. Kh1 $17) 32... Qxg7 (32... Nxg7 33. Qc8+ Ne8 34. Qf5 Qxf5 35. Rxf5 $15) (32... c4 $1 $19 33. Rxf7 Rd2) 33. Qe2 Ra3 34. e5 Rxa5 35. Kh1 {[%emt 0:04:19] [#]} c4 $1 {[%emt 0:00:05][%mdl 64] Deflection} 36. Qxc4 Qxe5 (36... Rxe5 37. Bd5 $17) 37. Rg1 Kf8 ({Not} 37... Rc5 38. Qh4 Qf4 39. Qe7 $17 (39. Be4+ Kf8 $17)) 38. Qc8+ Ke7 (38... Kg7 $19 {Threatens to win with ...Ra1.} 39. Bb7+ Kh6) 39. Qb7+ Kf6 {[%emt 0:00:00] White must now prevent ...Ra1.} 40. Qb1 {[%emt 0:04:50] Against Ra1} Nf8 (40... Nf4 $142 {...Nxg2 would be deadly.} 41. Re1 Qc3) 41. Re1 Qb5 ({Black should try} 41... Qd4 $17 42. Rd1 Qb6) 42. Qc2 Kg7 43. Qc3+ Kg8 44. Bc6 (44. Rf1 $1 $15) 44... Qc5 $19 45. Qf3 Qf5 46. Qb3 (46. Qxf5 $17 {was necessary.} Rxf5 47. Re7) 46... Ng6 47. Re8+ (47. Bg2 $142) 47... Kg7 48. Qc3+ Re5 49. Bf3 $2 (49. Qa1) 49... a5 (49... Qb1+ $142 50. Kg2 Nf4+ 51. Kf2 Qb6+ 52. Kf1 Qb5+ 53. Kg1 Qxe8) 50. Kg1 Qf6 (50... Nh4 $142 51. Bg2 Qb1+ 52. Bf1 Qg6+ 53. Kh1 Nf3 54. Qxf3 Rxe8) 51. Rxe5 Qxe5 (51... Nxe5 $2 {too greedy.} 52. Bd1 $19) 52. Qa3 (52. Qxe5+ $19 Nxe5 53. Bd1) 52... Qe1+ 53. Kg2 Nf4# {[%emt 0:00:08] Excellently played by Pantsulaia!   Weighted Error Value: White=0.60/Black=0.37} 0-1

[Event "20th Delhi GM Open 2023"]
[Site "New Delhi"]
[Date "2023.03.28"]
[Round "8.6"]
[White "Savchenko, Boris"]
[Black "Srihari L R"]
[Result "1-0"]
[ECO "B78"]
[WhiteElo "2552"]
[BlackElo "2432"]
[Annotator "TA"]
[PlyCount "99"]
[EventDate "2023.03.23"]
[EventType "swiss"]
[EventCountry "IND"]
[SourceTitle "playchess.com"]
[Source "ChessBase"]
[SourceQuality "1"]
[TimeControl "5400+30"]

1. e4 c5 2. Nf3 d6 3. d4 cxd4 4. Nxd4 Nf6 5. Nc3 g6 6. Be3 Bg7 7. f3 Nc6 8. Qd2 O-O 9. Bc4 Bd7 10. O-O-O Rb8 11. Rhe1 {[%emt 0:00:24] B78: Sicilian Dragon: Yugoslav Attack, 9 Bc4 Bd7 10 0-0-0 Rc8.} (11. h4 $5 ) 11... Na5 12. Be2 b5 13. Ndxb5 {White is slightly better.} (13. Ncxb5 e5 14. Nxd6 exd4 15. Bxd4 Be6 $17) 13... a6 14. Nd4 Qc7 15. Nb3 Be6 {[%emt 0:11:04][%cal Re6b3] [#]} 16. Kb1 $146 ({Predecessor:} 16. Bd4 Bxb3 17. axb3 Rxb3 18. Bxf6 Bxf6 19. Nd5 Bxb2+ 20. Kb1 Rb7 21. Nxc7 Bc3+ 22. Kc1 {½-½ Savchenko,B (2612)-Mamedov,R (2650) EU-ch blitz Minsk 2015 (13.2)}) 16... Rb4 17. Bxa6 {[%emt 0:07:22] Nb5 is the strong threat.} Rfb8 {[%emt 0:10:35][%cal Ra5b3] [#] Wards off Nb5} 18. e5 $1 dxe5 {[%emt 0:11:20][%cal Ra5b3] [#]} (18... Ne8 19. Nd5) 19. Nb5 $1 Qc4 (19... R8xb5 $2 20. Bxb5 Nd5 21. Bd3 $18) 20. Bb6 $36 {[%emt 0:00:50][%mdl 2112] Discovered Attack. White is more active. Really sharp!} Nxb3 21. cxb3 (21. axb3 $14 Rxb3 22. cxb3) 21... Rxb3 (21... Qc6 $1 $15 22. Qxb4 Qxb6) 22. axb3 $14 {[%emt 0:00:17] Black is on the road to losing.} Qxb3 {[%emt 0:00:15] White must now prevent ...Qa2+.} 23. Qa5 {[%emt 0:00:33] Repels Qa2+} Nd5 {[%emt 0:01:18] ...Bf5+ would be deadly.} 24. Bc5 $1 {[%emt 0:02:40] And now Qa3 would win.} e4 {[%emt 0:02:44][%csl Gg7][%cal Rb3b2] [#]} 25. Qa3 (25. fxe4 $2 Qxb2#) 25... Rxb5 26. Bxb5 Nc3+ {[%emt 0:00:16] [#]} (26... Qxb5 $16 27. Qa8+ (27. fxe4 Nc3+ 28. Kc1 Nxd1 $17) (27. Bxe7 h5 $11) 27... Bf8 28. Rxd5 Bxd5 29. Qxd5 e6 30. Qxe4 Bxc5) 27. Ka1 $1 $18 Nxd1 28. Qxb3 (28. fxe4 $2 Bxb2+ 29. Kb1 Nc3#) 28... Bxb3 29. Ba3 ({Don't play} 29. fxe4 $6 Bxb2+ 30. Kb1 Be5 $16) 29... e3 (29... Bd4 $142) 30. Kb1 ({Not} 30. Bxe7 Bxb2+ 31. Kb1 Bc3 $16) 30... Bd4 31. Be2 ({But not} 31. Bxe7 $6 Kg7 32. Ba3 Kf6 $18) 31... Nf2 32. Bxe7 h6 33. Rc1 {[%emt 0:00:38] Hoping for Bc5.} f5 $2 (33... Be6 34. Rc6 Kg7) 34. Bc5 {[%emt 0:06:08] White is clearly winning.} Bxc5 35. Rxc5 {[%emt 0:00:06][%mdl 4096] Endgame KRB-KBN} f4 36. Kc1 Kf7 37. Rc3 Bd5 38. b4 Ke6 39. b5 Kd6 40. b6 Bc6 41. Ba6 Kd5 42. b7 Bxb7 43. Bxb7+ Kd4 44. Rc6 g5 45. Rxh6 Nd3+ 46. Kd1 Kc3 47. Ba6 {[%emt 0:00:19] Intending Bxd3 and mate.} Ne5 48. h3 Kd4 49. Rf6 Nd7 50. Rd6+ {[%emt 0:00:12] An entertaining game by Savchenko.   Weighted Error Value: White=0.08 (flawless) /Black=0.37} 1-0

[Event "20th Delhi GM Open 2023"]
[Site "New Delhi"]
[Date "2023.03.28"]
[Round "8.7"]
[White "Aswath S"]
[Black "Lalit Babu M R"]
[Result "1/2-1/2"]
[ECO "C54"]
[WhiteElo "2214"]
[BlackElo "2544"]
[Annotator "TA"]
[PlyCount "154"]
[EventDate "2023.03.23"]
[EventType "swiss"]
[EventCountry "IND"]
[SourceTitle "playchess.com"]
[Source "ChessBase"]
[SourceQuality "1"]
[TimeControl "5400+30"]

1. e4 e5 2. Nf3 Nc6 3. Bc4 Bc5 4. c3 Nf6 5. d3 a6 6. O-O d6 7. b4 Ba7 8. Nbd2 O-O 9. a4 Ne7 10. Re1 {[%emt 0:03:03] C54: Giuoco Piano: 4 c3 Nf6, main lines with 5 d4 and 5 d3.} Ng4 11. Re2 {[%emt 0:02:02] [#]} (11. d4 $14) 11... Ng6 $146 ({Predecessor:} 11... Kh8 12. h3 Nh6 13. d4 d5 14. exd5 exd4 15. cxd4 Nxd5 16. Qb3 Nb6 17. Ne4 Nxc4 18. Qxc4 {½-½ Ljepic,A (2036)-Lazic,M (2431) Novi Sad TS Mix 155th 2020 (4)}) 12. h3 Nf6 13. Nf1 Nh5 14. Bg5 Qe8 15. Be3 Nhf4 16. Re1 Be6 (16... c6 {feels hotter.} 17. d4 d5 18. Bb3 dxe4 19. Nxe5 Nxe5 20. Bxf4 Nd3) 17. Bxa7 {[%emt 0:13:10] Threatens to win with Bxe6.} Bxc4 18. dxc4 {[%emt 0:00:13] aiming for Be3.} Rxa7 19. Ne3 Qc6 (19... a5 $11) 20. g3 (20. h4 $5 ) 20... Ne6 21. Nd2 (21. h4 $14 {should be considered.}) 21... a5 $11 22. h4 axb4 23. cxb4 Ne7 24. a5 Nd4 25. b5 Qc5 (25... Qd7 $11) 26. Nc2 $16 f5 (26... Ne6 $16 {was called for.}) 27. Nxd4 $18 Qxd4 {[%emt 0:00:04] [#]} 28. Qc2 $1 {[%emt 0:00:47] Nb3 would be deadly.} Raa8 29. Nb3 Qa7 30. exf5 Rxf5 {[%emt 0:02:13] [#]} ({Black should try} 30... Rae8) 31. b6 $1 $16 cxb6 (31... Qb8 32. Nd4) 32. axb6 {[%emt 0:00:17][%mdl 64] Pin} Qb8 33. Qe4 ({White should play} 33. Rxa8 Qxa8 34. Rd1) 33... Rf6 34. Rxa8 Qxa8 35. Ra1 {[%emt 0:02:34] Prevents Qa2} ({Weaker is} 35. c5 Qa2 36. Qe3 Nd5 $17) 35... Qc8 36. Na5 (36. Nd2 $16) 36... Qc5 $1 $11 37. Qe3 {[%emt 0:06:45] Active counter play!} (37. Qxb7 $2 {too greedy.} Qxf2+ 38. Kh1 Qxg3 39. Qa8+ Kf7 $19) 37... Nc8 38. Qxc5 dxc5 $14 {[%emt 0:00:05][%mdl 4096] Endgame KRN-KRN} 39. Re1 Rxb6 40. Rxe5 {[%emt 0:00:09] Black must now prevent Re8+.} Nd6 {[%emt 0:00:34] Inhibits Re8+.} 41. Rxc5 Rb1+ 42. Kg2 b6 43. Rd5 bxa5 44. Rxd6 {[%emt 0:00:04] KR-KR} Rc1 45. Ra6 Rxc4 46. Rxa5 g6 47. Ra7 h5 48. Kf3 Rb4 49. Re7 Kf8 50. Rd7 Ra4 51. Ke3 Rb4 52. f3 Ra4 53. Kd3 Rb4 54. Rc7 Ra4 55. Ke3 Rb4 56. Rd7 Ra4 $1 57. Rd4 Ra5 58. Kf4 Kf7 59. g4 hxg4 60. fxg4 Rb5 61. Rd6 Ra5 62. Rb6 Rc5 63. Rb7+ Kf6 64. Rb6+ Kf7 65. Rb4 Kf6 66. g5+ Ke6 67. Rb6+ Kf7 68. Rb7+ Ke6 69. Rb6+ Kf7 70. Ke4 Rc4+ {[%emt 0:02:21] The position is equal.} 71. Ke5 Rxh4 72. Rb7+ Kg8 $1 73. Kf6 Ra4 74. Rg7+ Kh8 $1 {[%emt 0:00:05] And now ...Ra6+ would win.} 75. Re7 (75. Kxg6 {is a self mate.} Ra6+ 76. Kf7 Ra7+ 77. Kf6 Rxg7 78. Kf5 Rf7+ 79. Ke6 Kg7 80. Kd5 Kg6 81. Ke5 Kxg5 82. Kd5 Kf4 83. Ke6 Rf5 84. Kd6 Re5 85. Kc6 Kf5 86. Kd7 Re6 87. Kd8 Kf6 88. Kd7 Kf7 89. Kc8 Re7 90. Kb8 Ke6 91. Ka8 Kd6 92. Kb8 Kc6 93. Ka8 Kb6 94. Kb8 Re8#) 75... Kg8 76. Kxg6 Ra6+ 77. Kh5 Rb6 {[%emt 0:00:03] Black escapes into a draw.   Weighted Error Value: White=0.14 (very precise) /Black=0.14 (very precise)} 1/2-1/2

[Event "20th Delhi GM Open 2023"]
[Site "New Delhi"]
[Date "2023.03.28"]
[Round "8.8"]
[White "Deshmukh, Anup"]
[Black "Aleksandrov, Aleksej"]
[Result "0-1"]
[ECO "E03"]
[WhiteElo "2129"]
[BlackElo "2484"]
[Annotator "TA"]
[PlyCount "70"]
[EventDate "2023.03.23"]
[EventType "swiss"]
[EventCountry "IND"]
[SourceTitle "playchess.com"]
[Source "ChessBase"]
[SourceQuality "1"]
[TimeControl "5400+30"]

1. c4 e6 2. g3 d5 3. Bg2 Nf6 4. Nf3 dxc4 5. Qa4+ Nbd7 6. O-O c5 7. Qxc4 b6 8. d4 Bb7 9. Nc3 Rc8 $1 {[%emt 0:00:20] 9...Rc8 is better than 9...a6.} 10. Bg5 a6 {[%emt 0:01:35] E03: Open Catalan: 5 Qa4+ Nbd7 6 Qxc4.} 11. a4 Be7 12. Rad1 O-O {[%emt 0:00:35] The position is equal.} 13. Bxf6 {[#]} Bxf6 $146 ({Predecessor:} 13... Nxf6 14. dxc5 Rxc5 15. Rxd8 Rxc4 16. Rxf8+ Kxf8 17. Ne5 Rc7 18. Rd1 Bxg2 19. Kxg2 Ke8 {½-½ Kelires,A (2543)-Molina,R (2420) Sitges Sunway op 8th 2021 (8)}) 14. d5 b5 15. axb5 Nb6 16. Qa2 exd5 (16... Nxd5 $11 17. bxa6 Ra8) 17. bxa6 $16 Ra8 18. a7 Qe7 {[%emt 0:00:19] [#]} 19. Nh4 Bxh4 $11 20. gxh4 d4 $36 {[%emt 0:02:46][%mdl 2048] ...Bxg2 would be deadly. Black has some pressure.} 21. Bxb7 Qxb7 22. Nb5 Qd7 (22... Nc8 {simplifies} 23. Qa5 Nxa7 24. Nxa7 Qxa7 25. Qxa7 Rxa7 26. Rd2 Re8) 23. Qa6 Nd5 24. Kh1 Rfe8 {[%emt 0:00:35] [#] Strongly threatening ...Re6.} 25. Nxd4 {[%emt 0:16:58] White does not recover from this.} Rxa7 $1 $19 ({Stronger than} 25... cxd4 26. Rxd4 Qe7 27. Ra1 $15) 26. Qc4 {[%emt 0:04:39] Threatens to win with Nf3.} cxd4 27. Rxd4 Qh3 28. Rg1 Nf6 29. Qc5 Ra6 {[%emt 0:00:13][%cal Of6e4,Ba7a6,Ba6e6,Be6g6][%mdl 32] And now ...Ne4! would win.} 30. b4 $2 (30. Qc4 Rae6 31. Qd3 Qxd3 32. exd3) 30... Rxe2 {[%emt 0:08:47] ( -> ...Qf3+)} 31. Rf4 {[%emt 0:00:43] Dodges Qf3+} Qd7 (31... Ne4 $142 32. Qd4 Ng3+ {[%mdl 64] Deflection} 33. Rxg3 Re1+ 34. Rg1 Rxg1+ {[%mdl 64] Remove Defender} 35. Kxg1 Rg6+ 36. Rg4 Rxg4+ 37. Qxg4 Qxg4+ 38. Kf1 Qxh4 39. h3 Qxh3+ 40. Ke2 h5 41. b5 h4 42. f4 Qb3 43. Kf2 h3 44. b6 h2 45. b7 Qxb7 46. Ke3 h1=Q 47. Kd2 Qb4+ 48. Ke2 Qhe4+ 49. Kf2 Qbe1#) 32. b5 Rae6 {[%emt 0:00:53] Hoping for ...Qb7+.} 33. Rg3 Ne4 34. Rxg7+ Kxg7 35. Rg4+ Rg6 {[%emt 0:00:02] Weighted Error Value: White=1.26/Black=0.67} 0-1